 Dungeon Crawl Stone Soup version 0.23.0 (webtiles) character file.

Game seed: 1485567896509263656

35 misha the Poker (level 3, -4/28 HPs)
             Began as a Merfolk Gladiator on Feb 17, 2019.
             Slain by an iron imp (11 damage)
             ... summoned by Natasha
             ... on level 2 of the Dungeon.
             The game lasted 00:05:03 (1546 turns).

misha the Poker (Merfolk Gladiator)                 Turns: 1546, Time: 00:05:27

Health: -4/28      AC:  4    Str: 14    XL:     3   Next: 35%
Magic:  3/3        EV: 14    Int:  8    God:
Gold:   53         SH:  0    Dex: 15    Spells: 2/2 levels left

rFire    . . .     SeeInvis .   a - +0 trident
rCold    . . .     Gourm    .   (no shield)
rNeg     . . .     Faith    .   b - +0 leather armour
rPois    .         Spirit   .   c - +0 helmet
rElec    .         Reflect  .   (no cloak)
rCorr    .         Harm     .   (no gloves)
MR       .....                  (no boots)
Stlth    +.........             (no amulet)
HPRegen  0.09/turn              (no ring)
MPRegen  0.08/turn              (no ring)

@: slowed, very slow
A: change form in water, swift swim, stealthy swim
a: no special abilities


You were on level 2 of the Dungeon.
You were not hungry.

You visited 1 branch of the dungeon, and saw 2 of its levels.

You collected 53 gold pieces.

Inventory:

Hand Weapons
 a - a +0 trident (weapon)
 i - a +0 short sword
 j - a +0 hand axe
 k - a +0 dagger
 n - a +0 dagger
 p - a +0 short sword
Missiles
 d - a throwing net (quivered)
 l - 21 arrows
 r - 17 bolts
Armour
 b - a +0 leather armour (worn)
 c - a +0 helmet (worn)
 g - a +0 robe
 h - a +0 chain mail
Scrolls
 e - 4 scrolls of identify {unknown}
 m - 2 scrolls of remove curse {unknown}
 o - a scroll of immolation {unknown}
 q - a scroll of magic mapping {unknown}
 s - a scroll of noise {unknown}
 t - a scroll of blinking {unknown}
Potions
 v - a potion of curing {unknown}
Comestibles
 f - a ration
 u - 3 chunks of flesh


   Skills:
 + Level 2.3 Fighting
 + Level 5.3 Polearms
 + Level 2.1 Throwing
 + Level 0.2 Armour
 + Level 4.6 Dodging


You had 2 spell levels left.
You didn't know any spells.
Your spell library was empty.

Dungeon Overview and Level Annotations

Branches:
Dungeon (2/15)

Altars:

Annotations:
D:2 Natasha


Message History

You barely miss Natasha. The hobgoblin completely misses you.
Natasha casts a spell.
The hobgoblin barely misses you.
Natasha casts a spell.
Some of the chunks of flesh in your inventory have rotted away.
You barely miss Natasha. The hobgoblin hits you. Natasha misses you.
You closely miss Natasha. The hobgoblin closely misses you.
Natasha closely misses you. The iron imp closely misses you.
The hobgoblin hits you but does no damage.
The white imp closely misses you. Natasha misses you.
You hit the iron imp but do no damage. The hobgoblin misses you.
The white imp hits you. The white imp freezes you. Natasha closely misses you.
The iron imp hits you but does no damage.
You puncture Natasha!
Natasha is heavily wounded.
The hobgoblin hits you. Natasha claws you but does no damage.
The white imp hits you. The white imp freezes you.
* * * LOW HITPOINT WARNING * * *
The iron imp hits you!
You die...

#.....# ........ #.....#
........ +.....#
#######. #.....#.# #.
#.....#.# #.
######.....#.# #.
#..........#.##########.
#......h5# #.#..........
#.....5@.# #.#.#########
#......g.###.#.#########
#..............#........
#.......####.###.#######
#.......# #.....#
#.......# #######
#.......# #########


You could see an iron imp, Natasha, a white imp and a hobgoblin.

Vanquished Creatures
  An adder (D:2)
  A dart slug (D:1)
  2 leopard geckos
  A ball python (D:1)
  A goblin (D:2)
  3 hobgoblins
  4 jackals
  A bat (D:1)
  4 kobolds
  4 rats
22 creatures vanquished.

Notes
Turn   | Place    | Note
-------+----------+-------------------------------------------
     0 | D:1      | misha the Merfolk Gladiator began the quest for the Orb.
     0 | D:1      | Reached XP level 1. HP: 16/16 MP: 1/1
   324 | D:1      | Reached XP level 2. HP: 12/22 MP: 2/2
   634 | D:1      | Reached skill level 5 in Polearms
  1156 | D:2      | Reached XP level 3. HP: 11/28 MP: 3/3
  1536 | D:2      | Noticed Natasha
  1546 | D:2      | Slain by an iron imp

Skill      XL: |  1  2 |
---------------+-------+-----
Polearms       | 5 |  5.3
Fighting       | |  2.3
Throwing       | |  2.1
Armour         | |  0.2
Dodging        | |  4.6

Action                   || total
-------------------------++-------
Melee: Trident           ||    75
Throw: Throwing net      ||     9
  Eat: Chunk             ||     2
Armor: Leather armour    ||    19
Dodge: Dodged            ||    72
